 Dungeon Crawl Stone Soup version 0.28-a0-1182-g381e24db82 (webtiles) character file.

Game seed: 13751050700290980828

126 timneilson the Skirmisher (level 4, 0/36 HPs)
             Began as a Demonspawn Abyssal Knight on Dec 16, 2021.
             Was a Believer of Lugonu.
             Succumbed to a kobold's poison
             ... on level 4 of the Dungeon.
             The game lasted 00:07:01 (3592 turns).

timneilson the Skirmisher (DsAK)                    Turns: 3592, Time: 00:07:01

Health: 0/36       AC: 10    Str: 16    XL:     4   Next: 83%
Magic:  6/6        EV:  7    Int: 11    God:    Lugonu [**....]
Gold:   1536       SH:  0    Dex: 13    Spells: 3/3 levels left

rFire   . . .      SeeInvis .   a - +1 falchion
rCold   . . .      Faith    .   (no shield)
rNeg    . . .      Spirit   .   e - +0 chain mail
rPois   .          Reflect  .   (no helmet)
rElec   .          Harm     .   (no cloak)
rCorr   .          Rampage  .   c - +0 pair of gloves
Will    .....                   (no boots)
Stlth   ..........              (no amulet)
HPRegen 0.12/turn               (no ring)
MPRegen 0.10/turn               (no ring)

@: lethally poisoned (0 -> -3), flying
A: demonic touch 1
a: Renounce Religion, Depart the Abyss, Bend Space


You were on level 4 of the Dungeon.
You worshipped Lugonu.
Lugonu was pleased with you.
You visited 1 branch of the dungeon, and saw 4 of its levels.
You visited the Abyss 1 time.

You collected 1536 gold pieces.

Inventory:

Hand Weapons
 a - a +1 falchion (weapon)
Armour
 c - a +0 pair of gloves (worn)
 e - a +0 chain mail (worn)
Scrolls
 b - 2 scrolls of identify
 g - a scroll of teleportation {unknown}
 h - a scroll of enchant weapon {unknown}
Potions
 d - a potion of attraction
 f - a potion of brilliance


   Skills:
 + Level 3.6 Fighting
 * Level 2.7 Long Blades
 * Level 2.9 Armour
 + Level 1.7 Dodging
 + Level 3.2 Invocations


You had 3 spell levels left.
You didn't know any spells.
Your spell library was empty.

Dungeon Overview and Level Annotations

Branches:
Dungeon (4/15)
 Temple: D:4-7

Altars:
Fedhas
Okawaru

Shops:
D:2 !

Annotations:
D:4 2 transporters, leviel's ghost, novice HOFi


Innate Abilities, Weirdness & Mutations

Your touch may inflict minor irresistible damage on your foes.


Message History

You see here a +0 club.
h - a scroll labelled ITEFFE YMERI
Found a scroll of identify.
b - 2 scrolls of identify (gained 1)
You hear the rusting of a very distant drain.
The quokka twitches its whiskers.
You see here a +0 scale mail.
Found a smoky brown potion.
Found a stone staircase leading up.
i - a smoky brown potion You open the large door.
There is a large open door here.
A jelly and a kobold come into view.
The kobold is wielding a +0 dagger and quivering poisoned darts.
The jelly quivers.
The kobold shouts!
You hear the brisk rusting of a very distant drain.
The kobold throws a poisoned dart.
The poisoned dart hits you!
You are poisoned.
You feel very sick.
You feel sick.
You feel sick.
You feel sick.
There is a large open door here.
You feel sick.
The kobold throws a poisoned dart.
The poisoned dart hits you!
You are more poisoned.
You feel sick.
You feel sick.
It was a potion of flight.
You feel very buoyant.
You fly up into the air.
You feel sick.
You feel sick. The jelly hits you but does no damage.
You hit the jelly.
Your hands burn!
* * * LOW HITPOINT WARNING * * *
The jelly is lightly wounded.
You feel sick. The jelly hits you but does no damage.
You hit the jelly.
Your hands burn!
* * * LOW HITPOINT WARNING * * *
The jelly is moderately wounded.
You die...

##≈≈≈≈≈≈≈≈≈
##≈≈≈≈≈≈≈≈≈≈
#≈≈≈≈≈≈≈≈≈≈≈
#≈≈≈≈≈≈≈≈≈≈≈
###≈≈≈≈≈≈≈♣..♣
#.'....K...♣
#.K........♣
#J#≈≈≈≈≈≈≈♣..♣
#@#≈≈≈≈≈≈≈≈≈≈≈
#.#≈≈≈≈≈≈≈≈≈≈≈
#.##≈≈≈≈≈≈≈≈≈≈
#..##≈≈≈≈≈≈≈≈≈
.#
##..##≈≈≈≈≈≈≈≈
#.#
##....##≈≈≈≈≈≈≈
#.# ##......#
#.# ###..######
#.#######...##


You could see a jelly and a kobold.

Vanquished Creatures
  A jelly (D:4)
  2 adders
  An ufetubus (D:4)
  A worm (D:2)
  3 dart slugs
  7 orcs
  7 ball pythons
  8 bats
  4 endoplasms
  4 goblins
  7 hobgoblins
  2 quokkas
  7 kobolds
  2 rats
56 creatures vanquished.

Notes
Turn   | Place    | Note
-------+----------+-------------------------------------------
     0 | Abyss:1  | timneilson the Demonspawn Abyssal Knight began the quest
                  | for the Orb.
     0 | Abyss:1  | Reached XP level 1. HP: 18/18 MP: 2/2
    55 | Abyss:1  | Noticed a quasit
    57 | D:1      | Escaped the Abyss
   192 | D:1      | Reached skill level 1 in Dodging
   300 | D:1      | Reached * piety under Lugonu
   301 | D:1      | Gained mutation: Your touch may inflict minor irresistible
                  | damage on your foes. [demonic ancestry]
   301 | D:1      | Reached XP level 2. HP: 21/24 MP: 3/3
   622 | D:1      | Found a faded altar of an unknown god.
  1503 | D:2      | Reached XP level 3. HP: 26/29 MP: 5/5
  1686 | D:2      | Found Muddoxats's Distillery.
  2139 | D:2      | Identified a scroll of acquirement
  2139 | D:2      | Acquired 1331 gold pieces
  2443 | D:3      | Found a blossoming altar of Fedhas.
  2803 | D:3      | Reached XP level 4. HP: 26/35 MP: 6/6
  2806 | D:3      | Reached ** piety under Lugonu
  3005 | D:3      | Noticed an ice beast
  3005 | D:3      | Noticed a sky beast
  3335 | D:4      | Found a transporter.
  3335 | D:4      | Noticed leviel's ghost (novice HOFi)
  3384 | D:4      | Found a transporter.
  3479 | D:4      | Found an iron altar of Okawaru.
  3592 | D:4      | HP: 1/36 [acid (4)]
  3592 | D:4      | Succumbed to a kobold's poison

Illustrated notes

Levels and vault maps discovered:
D:1:      sevenhm_arrival_forest_fort_large_2, layout_basic,
          dreamdust_ecumenical_altar_angels_and_demons, minmay_splitting_lines
D:2:      layout_loops_corners, serial_shops, nicolae_square_shop
D:3:      layout_basic, amcnicky_altar_gilded, lightli_corner_chamber
D:4:      kennysheep_big_flooded_room, layout_cave_pods,
          mainiacjoe_overflow_brackets, gammafunk_ghost_stat_death,
          gup_sewer_entry_bowl, st_stairs_3, minivault_1, minmay_quantized

Skill      XL: |  1  2  3 |
---------------+----------+-----
Dodging        | 1 |  1.7
Armour         | 2 |  2.9
Long Blades    | 2 |  2.7
Invocations    | 3 |  3.2
Fighting       | |  3.6

Action                   |  1- 3 |  4- 6 || total
-------------------------+-------+-------++-------
Melee: Falchion          |   110 |    45 ||   155
       Touch             |    13 |     5 ||    18
Invok: Depart the Abyss  |     1 |       ||     1
  Use: Scroll            |     7 |       ||     7
       Potion            |       |     1 ||     1
Armor: Leather armour    |    18 |       ||    18
       Chain mail        |    41 |    26 ||    67
Dodge: Dodged            |    54 |    30 ||    84

Table legend: (Time is in decaauts)
 A = Elapsed time spent in this place.
 B = Non-inter-level travel time spent in this place.
 C = Inter-level travel time spent in this place.
 D = Time resting spent in this place.
 E = Time spent auto-exploring this place.
 F = Levels seen in this place.
 G = Mean time per level.
                   A        B        C        D        E       F      G
               +--------+--------+--------+--------+--------+-----+--------+
         Total |   3619 |   3496 |    123 |    275 |   2438 |   5 |  723.8 |
       Dungeon |   3562 |   3439 |    123 |    275 |   2438 |   4 |  890.5 |
         Abyss |     57 |     57 |      0 |      0 |      0 |   1 |   57.0 |
               +--------+--------+--------+--------+--------+-----+--------+

Top non-repeatable levels by time:
     D:1: 1265 daAuts
     D:3: 1148 daAuts
     D:2: 884 daAuts
     D:4: 263 daAuts
 Abyss:1: 57 daAuts
